 Dungeon Crawl Stone Soup version 0.18.1-47-g9310371 (webtiles) character file.

3121 Metae the Skirmisher (level 9, -6/89 HPs)
             Began as a Troll Fighter on June 13, 2016.
             Was a Believer of Trog.
             Mangled by a yak (12 damage)
             ... on level 8 of the Dungeon.
             The game lasted 00:30:29 (6189 turns).

Metae the Skirmisher (Troll Fighter)                Turns: 6189, Time: 00:30:29

Health: -6/89      AC:  6    Str: 26    XL:     9   Next: 60%
Magic:  10/10      EV: 11    Int:  9    God:    Trog [**....]
Gold:   302        SH: 13    Dex: 12    Spells: 0 memorised, 8 levels left

rFire  x . .     SeeInvis .     K - +5 falchion (slice)
rCold  + . .     Gourm    +     a - +0 robe
rNeg   . . .     Faith    .     b - +0 shield
rPois  .         Spirit   .     (helmet restricted)
rElec  +         Dismiss  .     g - +0 cloak
rCorr  .         Reflect  +     (gloves unavailable)
SustAt .         Harm     .     (boots unavailable)
MR     +....                    E - amulet "Vosh" {Reflect rElec MR+ SH+3}
Stlth  +.........               (no ring)
                                x - ring of ice

@: brilliant, slowed, very slow, somewhat resistant to hostile enchantments,
very unstealthy
A: unfitting armour, claws 3, fast metabolism 3, gourmand, regeneration 2,
shaggy fur 1, tough skin 2
a: Berserk, Trog's Hand, Burn Spellbooks, Renounce Religion


You were on level 8 of the Dungeon.
You worshipped Trog.
Trog was pleased with you.
You were very full.

You visited 1 branch of the dungeon, and saw 8 of its levels.

You collected 302 gold pieces.

Inventory:

Hand Weapons
 s - a cursed -3 hand axe
 C - a +0 giant club
 H - a +0 battleaxe
 K - a +5 falchion of slicing (weapon)
Armour
 a - a +0 robe (worn)
 b - a +0 shield (worn)
 g - a +0 cloak (worn)
Jewellery
 x - a ring of ice (left claw)
 E - the amulet "Vosh" (around neck) {Reflect rElec MR+ SH+3}
   (You found it on level 4 of the Dungeon)

   [amulet of reflection]

   It shields you and reflects attacks.
   It insulates you from electricity.
   It affects your resistance to hostile enchantments.
   It affects your SH (+3).
 N - an uncursed ring of resist corrosion {unknown}
Wands
 u - a wand of acid (0/15)
 F - a wand of flame (21/48)
 G - a wand of teleportation (5/9)
 M - a wand of slowing (23/48)
Scrolls
 f - 2 scrolls of fear {unknown}
 h - a scroll of magic mapping {unknown}
 k - a scroll of fog {unknown}
 m - 7 scrolls of remove curse
 n - a scroll of recharging {unknown}
 o - a scroll of amnesia {unknown}
 p - 2 scrolls of enchant armour {unknown}
 v - 2 scrolls of teleportation {unknown}
 w - 3 scrolls of identify {unknown}
 y - 2 scrolls of enchant weapon {unknown}
 P - a scroll of noise {unknown}
Potions
 c - a potion of might
 e - a potion of lignification {unknown}
 j - a potion of heal wounds {unknown}
 q - a potion of berserk rage {unknown}
 t - 2 potions of brilliance
 z - a potion of mutation {unknown}
 A - 5 potions of curing {unknown}
 B - a potion of degeneration {unknown}
 J - a potion of flight {unknown}
Books
 I - a book of the Earth

   Spells                             Type                      Level
   a - Leda's Liquefaction            Hexes/Earth                  4
   b - Bolt of Magma                  Conjuration/Fire/Earth       5
   c - Statue Form                    Transmutation/Earth          6
   d - Iron Shot                      Conjuration/Earth            6
   e - Shatter                        Earth                        9
   Trog disapproves of the use of such an item.
Comestibles
 d - 10 bread rations
 i - 6 meat rations
 l - 8 beef jerkies
 r - a royal jelly
 D - 7 fruits
 O - 7 slices of pizza


   Skills:
 * Level 6.3 Fighting
 * Level 3.1 Long Blades
 - Level 2.0 Maces & Flails
 * Level 6.1 Dodging
 + Level 4.5 Shields
 + Level 5.1 Unarmed Combat
 + Level 3.1 Evocations


You had 8 spell levels left.
You didn't know any spells.

Dungeon Overview and Level Annotations

Branches:
Dungeon (8/15)             Temple (0/1) D:7
   Lair: D:8-11

Altars:
Ashenzari
Fedhas
Makhleb
Qazlal
Sif Muna
Trog
Vehumet
Xom
Zin

Annotations:
D:8 Erica, Psyche


Innate Abilities, Weirdness & Mutations

You are too large for most types of armour.
You have claws for hands.
Your metabolism is lightning-fast.
You like to eat raw meat.
You heal very quickly.
You are covered in fur (AC +1).
You have very tough skin (AC +2).


Message History

You hear some strange, mumbled words.
An orb of energy appears from out of thin air!
The orb of energy hits you!
* * * LOW HITPOINT WARNING * * *
The orb of energy explodes!
You hear a bellow!
You hear an angry buzzing noise.
A yak comes into view.
The yak bellows! 2 yaks come into view.
The yak bellows!
Psyche the Insane Magess comes into view.
She is wielding a dagger of chaos.
Erica appears from thin air!
Reactivating autopickup.
Found 12 gold pieces.
You block the yak's attack. The yak gores you!
* * * LOW HITPOINT WARNING * * *
Found 7 needles of confusion.
The yak gores you but does no damage. The yak gores you!
You die...

......#......#
......+......###
.....##........#
...............#
+#+##.....##...#
#.....# .Y.#
#.Yh..# .....
...##..@Y.##......
#.....@Y....#....
.............#
..#..........+ .
#.....$....#
#...(......#
............^.
###............
#............


You could see Erica, 3 yaks and a hound.

Vanquished Creatures
  The ghost of Aquadorian the Shield-Bearer, an amateur DrFi of Yredelemnul (D:5)
  Grinder (D:6)
  Prince Ribbit (D:6)
  Sigmund (D:4)
  A human (D:7)
  A yak (D:7)
  A hungry ghost (D:7)
  The ghost of Scarto the Covered, an amateur DsFi (D:3)
  Eustachio (D:6)
  An ice beast (D:7)
  An orc warrior (D:7)
  2 ogres
  A phantom (D:7)
  A centaur (D:6)
  Blork the orc (D:4)
  7 giant frogs
  A gnoll sergeant (D:8)
  A scorpion (D:7)
  A giant frog zombie (D:7)
  A crimson imp (D:3)
  A hound (D:7)
  An orc wizard (D:7)
  A centaur skeleton (D:6)
  2 iguanas
  3 worker ants
  3 sheep (D:7)
  A hound skeleton (D:7)
  2 gnolls (D:8)
  10 adders
  2 shadow imps (D:6)
  A worm (D:2)
  3 giant geckos
  5 orcs
  3 ball pythons
  4 bats
  3 giant cockroaches
  9 goblins
  5 hobgoblins
  3 jackals (D:1)
  9 kobolds
  4 quokkas
  3 giant newts
  A jackal skeleton (D:7)
  8 rats
114 creatures vanquished.

Vanquished Creatures (others)
  A gnoll (D:8)
1 creature vanquished.

Grand Total: 115 creatures vanquished

Notes
Turn   | Place    | Note
--------------------------------------------------------------
     0 | D:1      | Metae the Troll Fighter began the quest for the Orb.
     0 | D:1      | Reached XP level 1. HP: 22/22 MP: 0/0
   171 | D:1      | Found a shattered altar of Ashenzari.
   205 | D:1      | Reached XP level 2. HP: 29/29 MP: 1/1
   913 | D:2      | Found a stormy altar of Qazlal.
  1118 | D:2      | Reached XP level 3. HP: 37/37 MP: 2/2
  1350 | D:2      | Found a bloodstained altar of Trog.
  1360 | D:2      | Became a worshipper of Trog the Wrathful
  1603 | D:2      | Reached XP level 4. HP: 45/45 MP: 3/3
  2128 | D:3      | Found a shimmering altar of Xom.
  2128 | D:3      | Noticed Scarto's ghost (amateur DsFi)
  2144 | D:3      | Killed Scarto's ghost
  2144 | D:3      | Reached XP level 5. HP: 32/53 MP: 4/4
  2233 | D:3      | Found a blossoming altar of Fedhas.
  2826 | D:4      | Reached XP level 6. HP: 55/62 MP: 5/5
  2905 | D:4      | Noticed Sigmund
  2918 | D:4      | Reached * piety under Trog
  2930 | D:4      | Killed Sigmund
  2930 | D:4      | Reached skill level 1 in Evocations
  3048 | D:4      | Reached XP level 7. HP: 67/70 MP: 6/6
  3199 | D:4      | Found a burning altar of Makhleb.
  3199 | D:4      | Noticed an Executioner
  3203 | D:4      | Noticed a hellwing
  3203 | D:4      | Noticed a smoke demon
  3273 | D:4      | Found a deep blue altar of Sif Muna.
  3507 | D:4      | Noticed Blork the orc
  3515 | D:4      | Killed Blork the orc
  3540 | D:4      | Got a scintillating ruby amulet
  3579 | D:4      | Identified the amulet "Vosh" {Reflect rElec MR+ SH+3} (You found it on level 4 of the Dungeon)
  3592 | D:5      | Entered Level 5 of the Dungeon
  3596 | D:5      | Found a radiant altar of Vehumet.
  3815 | D:5      | Noticed Aquadorian's ghost (amateur DrFi)
  3829 | D:5      | Killed Aquadorian's ghost
  3829 | D:5      | Reached skill level 1 in Maces & Flails
  4392 | D:6      | Reached XP level 8. HP: 73/79 MP: 8/8
  4433 | D:6      | Noticed Prince Ribbit
  4620 | D:6      | Found a glowing silver altar of Zin.
  4701 | D:6      | Noticed Eustachio
  4709 | D:6      | Killed Eustachio
  4709 | D:6      | Reached skill level 5 in Fighting
  4709 | D:6      | Reached skill level 5 in Dodging
  4730 | D:6      | Killed Prince Ribbit
  4936 | D:6      | Noticed Grinder
  4968 | D:6      | Paralysed by Grinder for 7 turns
  4976 | D:6      | Killed Grinder
  4976 | D:6      | Reached skill level 1 in Long Blades
  5113 | D:7      | Found a staircase to the Ecumenical Temple.
  5134 | D:7      | Reached ** piety under Trog
  5243 | D:7      | Reached XP level 9. HP: 83/89 MP: 9/9
  5558 | D:7      | Reached skill level 5 in Unarmed Combat
  6164 | D:8      | Noticed Erica
  6179 | D:8      | HP: 4/89 [something/orb of energy (11)]
  6183 | D:8      | Noticed Psyche
  6186 | D:8      | HP: 3/89 [yak (8)]
  6189 | D:8      | Mangled by a yak

Skill      XL: |  1  2  3  4  5  6  7  8  9 |
---------------+----------------------------+-----
Fighting       | 3 4 5 6 |  6.3
Dodging        | 3 4 5 6 |  6.1
Shields        | 3 4 |  4.5
Unarmed Combat | 3 4 5 |  5.1
Evocations     | 1 2 3 |  3.1
Maces & Flails | 1 2 |  2.0
Long Blades    | 1 3 |  3.1

Action                   |  1- 3 |  4- 6 |  7- 9 || total
-------------------------+-------+-------+-------++-------
Melee: Unarmed           |   113 |    86 |    80 ||   279
       Falchion          |       |       |   180 ||   180
Invok: Trog's Hand       |       |       |     1 ||     1
       Berserk           |       |       |     1 ||     1
Evoke: Wand              |       |       |     8 ||     8
  Use: Scroll            |       |       |     1 ||     1
       Potion            |       |       |     1 ||     1
 Stab: Sleeping          |       |     2 |       ||     2
  Eat: Chunk             |    20 |    13 |    32 ||    65
Armor: Robe              |    38 |     7 |    57 ||   102
Dodge: Dodged            |    40 |    19 |    77 ||   136
Block: Shield            |    62 |    32 |   167 ||   261
       Reflection        |       |       |     3 ||     3
